 Dungeon Crawl Stone Soup version 0.30-a0-339-g89bb51ec76 (webtiles) character file.

Game seed: 16821578563972818284

418 Mgcat the Sneak (level 6, -4/36 HPs)
             Began as an Octopode Ice Elementalist on Oct 31, 2022.
             Succumbed to a scorpion's poison
             ... on level 5 of the Dungeon.
             The game lasted 00:05:14 (3605 turns).

Mgcat the Sneak (Octopode Ice Elementalist)         Turns: 3605, Time: 00:05:14

Health: -4/36      AC:  1    Str:  7    XL:     6   Next: 93%
Magic:  17/20      EV: 14    Int: 19    God:
Gold:   85         SH:  5    Dex: 13    Spells: 7/11 levels left

rFire   . . .      SeeInvis .    c - +0 sling
rCold   . . .      Faith    .    (no shield)
rNeg    . . .      Spirit   .    (helmet restricted)
rPois   .          Reflect  +    o - amulet of reflection
rElec   .          Harm     .    p - ring of magical power {MP+9}
rCorr   .          Rampage  .    q - ring of wizardry {Wiz+, !d}
Will    .....                    (no ring)
Stlth   ++++......               (no ring)
HPRegen 0.26/turn                (no ring)
MPRegen 0.17/turn                (no ring)
                                 (no ring)
                                 (no ring)

@: lethally poisoned (-4 -> -28), freezing walls
A: almost no armour, amphibious, 8 rings, camouflage 1, gelatinous body 1,
(nimble swimmer 1), tentacles
a: no special abilities


You were on level 5 of the Dungeon.
You visited 1 branch of the dungeon, and saw 5 of its levels.

You collected 211 gold pieces.
You spent 126 gold pieces at shops.

Inventory:

Hand Weapons
 c - a +0 sling (weapon)
   (You found it on level 1 of the Dungeon)
Magical Staves
 s - a staff of air {rElec}
   (You found it on level 4 of the Dungeon)
Jewellery
 m - an amulet of regeneration {+regen, !d}
   (You found it on level 2 of the Dungeon)
 o - an amulet of reflection (around mantle)
   (You found it on level 3 of the Dungeon)
 p - a ring of magical power (left tentacle) {MP+9}
   (You found it on level 3 of the Dungeon)
 q - a ring of wizardry (right tentacle) {Wiz+, !d}
   (You found it on level 3 of the Dungeon)
 t - a ring of ice {rC+, rF-}
   (You found it on level 4 of the Dungeon)
Wands
 n - a wand of light (18)
   (You found it on level 2 of the Dungeon)
Scrolls
 b - 5 scrolls of identify {unknown}
 d - 6 scrolls of teleportation
 f - 2 scrolls of amnesia {unknown}
 g - a scroll of vulnerability {unknown}
 h - a scroll of enchant armour {unknown}
 i - 4 scrolls of noise {unknown}
 k - a scroll of enchant weapon {unknown}
 v - a scroll of magic mapping {unknown}
Potions
 a - a potion of magic
 e - 2 potions of invisibility {unknown}
 j - 2 potions of cancellation {unknown}
 l - 2 potions of flight {unknown}
 r - a potion of lignification {unknown}
 u - a potion of curing {unknown}


   Skills:
 + Level 2.3 Ranged Weapons
 + Level 3.6 Dodging
 + Level 5.2 Stealth
 + Level 3.4 Spellcasting
 + Level 5.1 Ice Magic


You had 7 spell levels left.
You knew the following spells:

 Your Spells              Type           Power      Damage    Failure   Level
a - Freeze                Ice            88%        1d9       1%          1
b - Frozen Ramparts       Ice            44%        1d7       2%          3

Your spell library contained the following spells:

 Spells                   Type           Power      Damage    Failure   Level
 Ozocubu's Armour         Ice            22%        N/A       2%          3
 Sting                    Tmut/Pois      12%        1d3       6%          1
 Poisonous Vapours        Pois/Air       6%         N/A       9%          2
 Summon Ice Beast         Ice/Summ       12%        N/A       21%         4
 Metabolic Englaciation   Hex/Ice        6%         N/A       45%         5
 Olgreb's Toxic Radiance  Pois           3%         N/A       47%         4
 Simulacrum               Ice/Necr       6%         N/A       95%         6


Dungeon Overview and Level Annotations

Branches:
Dungeon (5/15)
 Temple: D:4-7

Altars:
Qazlal
Uskayaw

Shops:
D:5 ?


Innate Abilities, Weirdness & Mutations

You cannot wear most types of armour.
You are amphibious.
You can wear up to eight rings at the same time.
Your skin changes colour to match your surroundings (Stealth+).
Your rubbery body absorbs attacks. (AC +1, EV +1)
((You are camouflaged when in or above water. (Stealth+)))
You have tentacles for arms and can constrict up to eight enemies at once.


Message History

There is an entrance to Udeshiah's Magic Scroll Boutique here.
i - 4 scrolls labelled COECLOS ODIA (gained 1)
A hound comes into view.
You shoot a sling bullet. The sling bullet hits the hound.
The hound barks!
The hound is moderately wounded.
You shoot a sling bullet.
The sling bullet closely misses the hound.
The hound bites you.
You take 2 damage, and have 34/36 hp.
You shoot a sling bullet. The sling bullet hits the hound.
The hound is severely wounded.
The hound closely misses you. The hound bites you.
You take 3 damage, and have 31/36 hp.
You shoot a sling bullet. The sling bullet hits the hound.
The hound is severely wounded.
The hound closely misses you. The hound bites you.
You take 2 damage, and have 29/36 hp.
You shoot a sling bullet.
The sling bullet barely misses the hound.
You block the hound's attack. The hound barely misses you.
You shoot a sling bullet.
The sling bullet closely misses the hound.
You block the hound's attack.
You shoot a sling bullet. The sling bullet hits the hound.
You kill the hound!
No target in view!
No target in view!
You open the door.
A scorpion and an adder come into view.
Health restored: 36 You shoot a sling bullet.
The sling bullet hits the scorpion.
The scorpion is moderately wounded.
The adder hisses angrily.
You shoot a sling bullet.
The sling bullet hits the scorpion but does no damage.
The scorpion is moderately wounded.
The scorpion barely misses you.
You shoot a sling bullet.
The sling bullet barely misses the scorpion.
You block the scorpion's attack. The scorpion barely misses you.
You shoot a sling bullet.
The sling bullet barely misses the scorpion.
The scorpion barely misses you.
You shoot a sling bullet. The sling bullet hits the scorpion.
The scorpion is moderately wounded.
The scorpion stings you.
You are poisoned.
The scorpion poisons you! The scorpion stings you!
You are lethally poisoned!
The scorpion poisons you!
You take 11 damage, and have 25/36 hp.
MASSIVE DAMAGE!!
Casting: Freeze (safe; 1% risk of failure)
Confirm with . or Enter, or press ? or * to list all spells.
Casting: Frozen Ramparts (dangerous; 2% risk of failure)
Press: ? - help, Dir - look around, f - activate The walls around you are covered in ice.
You feel extremely sick.
The wall freezes the adder.
The adder seems to slow down.
The wall freezes the adder.
The adder seems to slow down.
The wall freezes the scorpion but does no damage.
The scorpion stings you.
You take 7 damage, and have 18/36 hp.
You now have 17/20 mp.
You are too injured to fight recklessly!
You are too injured to fight recklessly!
You are too injured to fight recklessly!
Fire: c) +0 sling
Press: ? - help, Q - select action Shift-Dir - straight line, f - scorpion
Aim: a scorpion (moderately wounded, 54% to hit)
You shoot a sling bullet.
The sling bullet closely misses the scorpion.
The sling bullet barely misses the adder.
You feel very sick.
The wall freezes the scorpion but does no damage.
The scorpion stings you.
* * * LOW HITPOINT WARNING * * *
The wall freezes the adder.
The adder seems to slow down.
The wall freezes the adder.
You kill the adder!
You take 9 damage, and have 9/36 hp.
MASSIVE DAMAGE!!
Fire: c) +0 sling
Press: ? - help, Q - select action Shift-Dir - straight line, f/p - scorpion
Aim: a scorpion (lightly wounded, 54% to hit)
You shoot a sling bullet. The sling bullet hits the scorpion.
The scorpion is moderately wounded.
* * * LOW HITPOINT WARNING * * *
You feel very sick.
The wall freezes the scorpion.
The scorpion barely misses you.
The wall freezes the scorpion.
The scorpion stings you.
* * * LOW HITPOINT WARNING * * *
You are more poisoned.
The scorpion poisons you!
You take 6 damage, and have 3/36 hp.
Fire: c) +0 sling
Press: ? - help, Q - select action Shift-Dir - straight line, f/p - scorpion
Aim: a scorpion (heavily wounded, 54% to hit)
You shoot a sling bullet.
The sling bullet hits the scorpion but does no damage.
The scorpion is heavily wounded.
You die...

##..........# ####
#............ ...##
#............ ....##
#............
..∩..#####..........
.................#
+###
.......####......#
....# .......##
##.....#..§..#
........##
##...@s†≈≈§.+
.........#
#....#.(≈..#
.........# ####.#
....# ........## ###
+### ....##### #####


You could see a scorpion.

Vanquished Creatures
  An ogre (D:4)
  A phantom (D:5)
  A scorpion (D:5)
  2 hounds
  An iguana (D:5)
  6 adders
  2 dart slugs (D:1)
  3 orcs (D:5)
  5 endoplasms
  4 giant cockroaches
  4 goblins
  6 hobgoblins
  7 jackals (D:2)
  3 kobolds
  A quokka (D:3)
  3 ball pythons
  5 bats
  3 frilled lizards (D:1)
  6 rats
64 creatures vanquished.

Vanquished Creatures (others)
  7 plants (D:5)
7 creatures vanquished.

Grand Total: 71 creatures vanquished

Notes
Turn   | Place    | Note
-------+----------+-------------------------------------------
     0 | D:1      | Mgcat the Octopode Ice Elementalist began the quest for the
                  | Orb.
     0 | D:1      | Reached XP level 1. HP: 11/11 MP: 3/3
   113 | D:1      | Reached skill level 3 in Stealth
   113 | D:1      | Reached XP level 2. HP: 17/17 MP: 5/5
   465 | D:1      | Reached XP level 3. HP: 21/21 MP: 6/6
  1206 | D:2      | Reached XP level 4. HP: 27/27 MP: 5/7
  1212 | D:2      | Learned a level 3 spell: Frozen Ramparts
  1648 | D:3      | Found a hide-covered altar of Uskayaw.
  2618 | D:4      | Reached skill level 1 in Ranged Weapons
  2618 | D:4      | Reached skill level 4 in Stealth
  2618 | D:4      | Reached XP level 5. HP: 31/31 MP: 9/9
  2708 | D:4      | Noticed an ogre
  2719 | D:4      | Killed an ogre
  2720 | D:4      | Reached skill level 3 in Dodging
  2720 | D:4      | Reached skill level 3 in Spellcasting
  2865 | D:4      | Found a stormy altar of Qazlal.
  3059 | D:5      | Entered Level 5 of the Dungeon
  3076 | D:5      | Reached XP level 6. HP: 35/36 MP: 10/10
  3152 | D:5      | Reached skill level 2 in Ranged Weapons
  3347 | D:5      | Identified the +5 hand axe "Jeovvoacs" {flame, Dex+3}
  3446 | D:5      | Reached skill level 5 in Stealth
  3446 | D:5      | Reached skill level 5 in Ice Magic
  3539 | D:5      | Found Udeshiah's Magic Scroll Boutique.
  3545 | D:5      | Bought a scroll of teleportation for 42 gold pieces
  3545 | D:5      | Bought 2 scrolls of teleportation for 84 gold pieces
  3603 | D:5      | HP: 9/36 [scorpion (3)]
  3604 | D:5      | HP: 4/36 [poisoned by a scorpion]
  3605 | D:5      | Succumbed to a scorpion's poison

Illustrated notes

Levels and vault maps discovered:
D:1:      psy_arrival_radial01, layout_basic
D:2:      layout_rooms
D:3:      layout_basic, nicolae_uskayaw_dance_hall
D:4:      layout_rooms, mainiacjoe_overflow_cross_hatched,
          kennysheep_pointless_box
D:5:      layout_cave_pods, serial_shops, shop_scrolls,
          hangedman_decor_peaks_small, serial_bayou_lagoon_a,
          kennysheep_generic_room_13

Skill      XL: |  1  2  3  4  5  6 |
---------------+-------------------+-----
Stealth        | 3 4 5 |  5.2
Ranged Weapons | 1 2 |  2.3
Dodging        | 3 |  3.6
Spellcasting   | 3 |  3.4
Ice Magic      | 5 |  5.1

Action                   |  1- 3 |  4- 6 || total
-------------------------+-------+-------++-------
Melee: Unarmed           |     1 |       ||     1
       Constrict         |     1 |       ||     1
 Fire: Sling             |    71 |    99 ||   170
 Cast: Freeze            |    21 |    24 ||    45
       Frozen Ramparts   |       |    15 ||    15
Armor: Skin              |     3 |     4 ||     7
Dodge: Dodged            |    30 |    41 ||    71
Block: Other             |       |    10 ||    10

Table legend: (Time is in decaauts)
 A = Elapsed time spent in this place.
 B = Non-inter-level travel time spent in this place.
 C = Inter-level travel time spent in this place.
 D = Time resting spent in this place.
 E = Time spent auto-exploring this place.
 F = Levels seen in this place.
 G = Mean time per level.
                   A        B        C        D        E       F      G
               +--------+--------+--------+--------+--------+-----+--------+
         Total |   3662 |   3476 |    186 |    162 |   2865 |   5 |  732.4 |
       Dungeon |   3662 |   3476 |    186 |    162 |   2865 |   5 |  732.4 |
               +--------+--------+--------+--------+--------+-----+--------+

Top non-repeatable levels by time:
     D:1: 942 daAuts
     D:3: 902 daAuts
     D:4: 705 daAuts
     D:5: 561 daAuts
     D:2: 550 daAuts

Table legend:
 A = Kills in this place as a percentage of kills in entire the game.
 B = Kills by you in this place as a percentage of kills by you in the entire game.
 C = Kills by friends in this place as a percentage of kills by friends in the entire game.
 D = Other kills in this place as a percentage of other kills in the entire game.
 E = Experience gained in this place as a percentage of experience gained in the entire game.
 F = Experience gained in this place divided by the number of levels of this place that you have seen.
                   A       B       C       D       E      F
               +-------+-------+-------+-------+-------+----------------------
         Total | 100.0 | 100.0 |   N/A |   N/A | 100.0 | 119.6
       Dungeon | 100.0 | 100.0 |   N/A |   N/A | 100.0 | 119.6
               +-------+-------+-------+-------+-------+----------------------
